AoeStats
← CLEVER GHOST

Nomad

509723102Analyzed
2v2 RM · 5d ago on Sep 27, 2026· 24m 9s· 4 players
Game mode
Random Map
Map size
176×176
Population
200
Speed
Normal
Resources
Standard
Victory
Conquest
Starting age
Dark Age
Ending age
Imperial Age
RankedLock teamsTeams togetherTeam positionsShared explorationLock speedFull tech treeHidden civsTurbo modeCheats
Victory
Defeat
🇦🇷 Dravidians · Argentina
1352
+14
🇦🇷 Persians · Argentina
1352
+14
🇧🇷 Vietnamese · Brazil
1327
-14
🇲🇽 Jurchens · Mexico
1297
-14
Uhtred_of_Bebbamburg
3:37 Loom
4:03 Loom
14:11 Feudal Age
14:46 Double-Bit Axe
15:28 Town Watch
18:46 Forging
19:23 Wheelbarrow
18:40 Fishing Lines
24:40 Castle Age
CLEVER GHOST
4:06 Loom
14:18 Feudal Age
18:09 Wheelbarrow
23:05 Horse Collar
Alérgico al Clutch
6:28 Loom
14:18 Feudal Age
15:19 Double-Bit Axe
20:27 Castle Age
19:33 Bloodlines
20:20 Scale Barding Armor
21:17 Husbandry
21:23 Fishing Lines
22:08 Medium Warships
24:55 Chain Barding Armor
Blade
5:01 Loom
15:12 Feudal Age
15:51 Double-Bit Axe
15:50 Fishing Lines
16:37 Fletching
21:21 Castle Age
20:31 Scale Mail Armor
20:42 Forging
21:20 Pikeman
22:16 Chain Mail Armor
23:16 Padded Archer Armor
23:12 Bodkin Arrow
24:43 Medium Warships
Connection lost

Rejoining the realm…

Still unreachable

The connection could not be restored.

Session expired

The server has moved on; the page needs a fresh start.